 Dungeon Crawl Stone Soup version 0.29.0-4-gdea44cf6ec (webtiles) character file.

Game seed: 11773793459304171112

27 qw the Chopper (level 3, -2/21 HPs)
             Began as a Tengu Warper on Aug 28, 2022.
             Slain by a worm (7 damage)
             ... on level 2 of the Dungeon.
             The game lasted 00:00:05 (885 turns).

qw the Chopper (Tengu Warper)                        Turns: 885, Time: 00:00:06

Health: -2/21      AC:  5    Str: 13    XL:     3   Next: 10%
Magic:  7/7        EV: 11    Int: 13    God:
Gold:   31         SH:  0    Dex: 13    Spells: 6/6 levels left

rFire   . . .      SeeInvis .   Y - +0 hand axe
rCold   . . .      Faith    .   (no shield)
rNeg    . . .      Spirit   .   d - +0 ring mail
rPois   .          Reflect  .   (helmet restricted)
rElec   .          Harm     .   (no cloak)
rCorr   .          Rampage  .   (no gloves)
Will    .....                   (boots unavailable)
Stlth   +.........              (no amulet)
HPRegen 0.07/turn               (no ring)
MPRegen 0.10/turn               (no ring)

@: no status effects
A: beak, talons 3
a: no special abilities


You were on level 2 of the Dungeon.
You visited 1 branch of the dungeon, and saw 2 of its levels.

You collected 31 gold pieces.


Innate Abilities, Weirdness & Mutations

You have a beak for a mouth.
You have claws for feet.


   Skills:
 - Level 2.0 Fighting
 + Level 3.8 Axes
 - Level 1.0 Throwing
 - Level 1.1 Armour
 - Level 2.1 Dodging
 - Level 2.0 Spellcasting
 - Level 2.4 Translocations


You had 6 spell levels left.
You didn't know any spells.
Your spell library contained the following spells:

 Spells                   Type           Power      Damage    Failure   Level
 Blink                    Tloc           14%        N/A       30%         2
 Gell's Gravitas          Tloc           7%         N/A       52%         3
 Lesser Beckoning         Tloc           7%         N/A       52%         3
 Teleport Other           Tloc           7%         N/A       52%         3
 Manifold Assault         Tloc           7%         N/A       99%         5

Inventory:

Hand Weapons
 g - a +0 club
 Y - a +0 hand axe (weapon)
Armour
 d - a +0 ring mail (worn)
Potions
 i - a potion of degeneration {unknown}

Dungeon Overview and Level Annotations

Branches:
Dungeon (2/15)

Altars:


Message History

You feel stronger. x2
You barely miss the worm. Your kick misses the worm. You hit the worm.
The worm is lightly wounded.
The worm closely misses you.
You hit the worm. You claw the worm. Your peck misses the worm.
The worm is severely wounded.
The worm bites you!
You hit the worm. You peck the worm, but do no damage.
The worm is severely wounded.
You hit the worm but do no damage. You claw the worm!
You kill the worm!
You start resting.
A kobold comes into view. It is wielding a +0 dagger.
769 ||| FLEEEEING.
A bat comes into view.
The bat moves out of view.
You start resting.
HP restored.
A worm comes into view.
870 ||| Stepping ~*~*~tactically~*~*~ (stealth).
Found a ring mail.
You see here a bubbling black potion.
A worm is nearby!
873 ||| Stepping ~*~*~tactically~*~*~ (stealth).
You see here a bubbling black potion.
The kobold shouts!
The kobold throws a stone.
The stone hits you.
The kobold throws a stone.
The stone hits you but does no damage.
You barely miss the worm. You claw the worm.
The worm is moderately wounded.
The kobold throws a stone.
The stone hits you.
You completely miss the worm. Your kick misses the worm.
Your peck misses the worm.
The worm is moderately wounded.
The worm bites you!
The kobold throws a stone.
The stone hits you.
You barely miss the worm. You claw the worm.
The worm is moderately wounded.
The worm bites you!
You die...

#. .... #. ...### . #.
#..... ..###.###...#
............###
#...........#
#!..........# #.
#..@.K.[... .¤¤
#...w)##### ..~~
###....## #.~.~
####..###.¤..~
##.#...~~~~ #.#.......
####### #.....¤~~~
#....<# ##...¤~..~
#.############..##¤¤.~


You could see a worm and a kobold.

Vanquished Creatures
  A worm (D:2)
  A dart slug (D:1)
  A ball python (D:1)
  2 bats (D:1)
  3 endoplasms (D:1)
  A giant cockroach (D:1)
  4 goblins
  A hobgoblin (D:1)
  A quokka (D:1)
  2 kobolds (D:1)
  3 rats (D:1)
20 creatures vanquished.

Notes
Turn   | Place    | Note
-------+----------+-------------------------------------------
     0 | D:1      | qw the Tengu Warper began the quest for the Orb.
     0 | D:1      | Reached XP level 1. HP: 12/12 MP: 4/4
     0 | D:1      | 0 ||| qw: Version: 0.1-a-89-g26bdef1
     0 | D:1      | 0 ||| qw: Game counter: 1759
     0 | D:1      | 0 ||| qw: Always use a shield: true
     0 | D:1      | 0 ||| qw: God list: Okawaru
     0 | D:1      | 0 ||| qw: Allow faded altars: false
     0 | D:1      | 0 ||| qw: Do Orc after D:15 true
     0 | D:1      | 0 ||| qw: Do second Lair branch before Depths: true
     0 | D:1      | 0 ||| qw: Lair rune preference: random
     0 | D:1      | 0 ||| qw: Plans: Normal
     0 | D:1      | 0 ||| PLANNING D:1-11
   101 | D:1      | Reached XP level 2. HP: 14/17 MP: 6/6
   164 | D:1      | Reached skill level 3 in Axes
   258 | D:1      | 258 ||| Stepping ~*~*~tactically~*~*~ (hiding).
   317 | D:1      | 317 ||| Stepping ~*~*~tactically~*~*~ (stealth).
   321 | D:1      | 321 ||| Stepping ~*~*~tactically~*~*~ (stealth).
   676 | D:1      | 676 ||| UPGRADING to +0 ring mail.
   686 | D:1      | 686 ||| DROPPING +0 leather armour.
   687 | D:1      | 687 ||| DROPPING ring of magical power.
   688 | D:1      | 688 ||| READING scroll labelled DUWOLUT HEABA.
   689 | D:1      | 689 ||| READING scroll labelled KUXZOTI BOACK.
   690 | D:1      | 690 ||| DROPPING scroll of blinking.
   736 | D:2      | 736 ||| Stepping ~*~*~tactically~*~*~ (stealth).
   742 | D:2      | Reached XP level 3. HP: 21/21 MP: 7/7
   769 | D:2      | 769 ||| FLEEEEING.
   870 | D:2      | 870 ||| Stepping ~*~*~tactically~*~*~ (stealth).
   873 | D:2      | 873 ||| Stepping ~*~*~tactically~*~*~ (stealth).
   877 | D:2      | Identified the ring of the Vendetta {rC+ Dex+6 Slay+2}
   884 | D:2      | HP: 5/21 [kobold/stone (4)]
   885 | D:2      | Slain by a worm

Levels and vault maps discovered:
D:1:      minmay_arrival_checkered_box, layout_rooms
D:2:      layout_basic, shapermc_ecumenical_altar_starsandcircs, serial_shops,
          nicolae_square_shop

Skill      XL: |  1  2 |
---------------+-------+-----
Axes           | 3 |  3.8
Fighting       | |  2.0
Throwing       | |  1.0
Armour         | |  1.1
Dodging        | |  2.1
Spellcasting   | |  2.0
Translocations | |  2.4

Action                   || total
-------------------------++-------
Melee: Hand axe          ||    42
       Kick              ||    11
       Peck              ||     1
Throw: Boomerang         ||     7
  Use: Scroll            ||     2
Armor: Leather armour    ||     8
       Ring mail         ||     1
Dodge: Dodged            ||    12

Table legend:
 A = Non-vault XP
 B = Vault XP
 C = Vault XP percentage of total XP
 D = Non-vault monster count
 E = Vault monster count
 F = Vault count percentage of total count
                 A         B        C        D         E       F
            +---------+---------+-------+---------+---------+-------
      Total |      39 |       0 |   0.0 |      20 |       0 |   0.0
            +---------+---------+-------+---------+---------+-------
        D:1 |      33 |       0 |   0.0 |      18 |       0 |   0.0
        D:2 |       6 |       0 |   0.0 |       2 |       0 |   0.0
            +---------+---------+-------+---------+---------+-------
